 Dungeon Crawl Stone Soup version 0.30-a0-860-g512cf1e979 (webtiles) character file.

Game seed: 3198048119188815494

1941746 ragingrage the Blinker (level 25, 218/218 HPs)
             Began as a Demigod Warper on Mar 7, 2023.
             Escaped with the Orb
             ... and 4 runes!
             The game lasted 02:55:24 (94752 turns).

ragingrage the Blinker (Demigod Warper)            Turns: 94752, Time: 02:55:25

Health: 218/218    AC: 23    Str: 13    XL:     25   Next: 31%
Magic:  36/46      EV: 43    Int: 30    God:
Gold:   6271       SH: 22    Dex: 46    Spells: 14/50 levels left

rFire   + . .      SeeInvis .    O - +8 demon blade "Leech" {evervamp, Harm Drain rN+}
rCold   + + .      Faith    .    c - +2 kite shield of Temperance {Int+3 Dex+2}
rNeg    + . .      Spirit   .    q - +3 leather armour of the Crushed Leylines {Int-4 Dex+7 Slay+3}
rPois   +          Reflect  .    r - +4 hat of the Crypt {Int+4}
rElec   +          Rampage  .    b - +2 cloak "Ibyriska" {rPois Regen+ Str+3}
rCorr   .          Harm     + .  g - +1 pair of gloves {hurl}
Will    +++..                    I - +2 pair of boots {Fly}
Stlth   ++                       N - amulet of magic regeneration
HPRegen 1.36/turn                p - ring "Qoliusic" {rElec rF+ rC+ Int+4}
MPRegen 0.70/turn                i - ring of Ippac {Will+ AC+4}

@: flying, studying 2 skills
A: high MP 1, forlorn, divine attributes, cold resistance 1, deformed body,
screaming 1, weak 1
0: Orb of Zot
}: 4/15 runes: decaying, serpentine, slimy, silver
a: no special abilities


You escaped.
You visited 10 branches of the dungeon, and saw 52 of its levels.
You visited the Abyss 1 time.
You also visited: Bailey, Ice Cave, Wizlab and Desolation.

You collected 9809 gold pieces.
You spent 3538 gold pieces at shops.

Inventory:

Hand Weapons
 O - the +8 demon blade "Leech" (weapon) {evervamp, Harm Drain rN+}
   (You took it off an ogre mage on level 5 of the Vaults)

   rN:        It protects you from negative energy.
   Drain:     It drains your maximum health when unequipped.
   Harm:      It increases damage dealt and taken.
Missiles
 D - 4 throwing nets
Armour
 a - the +0 mask of the Dragon {Will+ Slay+3 SInv}
   (You found it on level 5 of the Vaults)

   Slay:      It affects your accuracy & damage with ranged weapons and melee
   (+3).
   SInv:      It lets you see invisible.
   Will:      It increases your willpower.
 b - the +2 cloak "Ibyriska" (worn) {rPois Regen+ Str+3}
   (You acquired it on level 3 of the Depths)

   Str:       It affects your strength (+3).
   rPois:     It protects you from poison.
   Regen:     It increases your rate of health regeneration.
 c - the +2 kite shield of Temperance (worn) {Int+3 Dex+2}
   (You acquired it on level 4 of the Depths)

   Int:       It affects your intelligence (+3).
   Dex:       It affects your dexterity (+2).
 g - a +1 pair of gloves of hurling (worn)
 q - the +3 leather armour of the Crushed Leylines (worn) {Int-4 Dex+7 Slay+3}
   (You found it on level 3 of the Dungeon)

   Int:       It affects your intelligence (-4).
   Dex:       It affects your dexterity (+7).
   Slay:      It affects your accuracy & damage with ranged weapons and melee
   (+3).
 r - the +4 hat of the Crypt (worn) {Int+4}
   (You found it on level 1 of the Vaults)

   Int:       It affects your intelligence (+4).
 I - a +2 pair of boots of flying (worn)
Jewellery
 i - the ring of Ippac (right hand) {Will+ AC+4}
   (You found it in a wizard's laboratory)

   [ring of protection]

   AC:        It affects your AC (+4).
   Will:      It increases your willpower.
 p - the ring "Qoliusic" (left hand) {rElec rF+ rC+ Int+4}
   (You took it off a deep elf demonologist on level 3 of the Elven Halls)

   [ring of protection from fire]

   Int:       It affects your intelligence (+4).
   rF:        It protects you from fire.
   rC:        It protects you from cold.
   rElec:     It insulates you from electricity.
 M - the ring "Qenwawuv" {rPois rN+ Slay+2 SInv}
   (You found it in the Desolation of Salt)

   [ring of poison resistance]

   Slay:      It affects your accuracy & damage with ranged weapons and melee
   (+2).
   rPois:     It protects you from poison.
   rN:        It protects you from negative energy.
   SInv:      It lets you see invisible.
 N - an amulet of magic regeneration (around neck)
 V - the ring "Usteshri" {rF+ rCorr Dex+3}
   (You took it off a deep elf demonologist on level 3 of the Elven Halls)

   [ring of protection from fire]

   Dex:       It affects your dexterity (+3).
   rF:        It protects you from fire.
   rCorr:     It protects you from acid and corrosion.
Wands
 f - a wand of digging (15)
 P - a wand of acid (39)
 Q - a wand of flame (10)
 T - a wand of paralysis (22)
 Z - a wand of iceblast (60)
Scrolls
 d - 5 scrolls of magic mapping
 h - 19 scrolls of teleportation
 j - 7 scrolls of immolation
 m - 12 scrolls of fog
 s - 9 scrolls of fear
 u - 4 scrolls of blinking
 E - 4 scrolls of butterflies
 F - 10 scrolls of poison
 H - 8 scrolls of vulnerability
 R - 2 scrolls of silence
Potions
 e - 24 potions of curing
 k - 7 potions of cancellation
 l - 10 potions of haste
 o - 5 potions of berserk rage
 t - 12 potions of flight
 x - 4 potions of magic
 y - 3 potions of ambrosia
 z - 10 potions of brilliance
 A - 11 potions of lignification
 B - 21 potions of mutation
 C - 6 potions of heal wounds
 J - 4 potions of invisibility
 L - 2 potions of might
 W - 2 potions of resistance
 X - 6 potions of attraction
Miscellaneous
 n - a lightning rod (4/4)
 v - a phantom mirror
 w - a condenser vane
 G - a phial of floods
 S - a tin of tremorstones (2/2)
 Y - a box of beasts (inert)


   Skills:
 + Level 16.4 Fighting
 - Level 16.0 Long Blades
 - Level 0.8 Throwing
 + Level 10.2 Armour
 - Level 19.0 Dodging
 - Level 7.0 Stealth
 - Level 15.0 Shields
 - Level 13.3 Spellcasting
 - Level 7.0 Conjurations
 + Level 20.3 Translocations
 - Level 11.0 Transmutations
 - Level 5.0 Air Magic
 - Level 3.0 Earth Magic
 + Level 16.4 Evocations


You had 14 spell levels left.
You knew the following spells:

 Your Spells              Type           Power      Damage    Failure   Level
a - Wereblood             Tmut           72%        N/A       1%          2
b - Passwall              Tmut/Erth      48%        N/A       1%          2
c - Vhi's Electric Charg  Tloc/Air       100%       N/A       1%          3
d - Blink                 Tloc           100%       N/A       0%          2
e - Irradiate             Conj/Tmut      32%        3d22      3%          5
f - Manifold Assault      Tloc           97%        N/A       0%          4
g - Passage of Golubria   Tloc           97%        N/A       0%          4
h - Disjunction           Tloc           48%        N/A       9%          8
i - Dispersal             Tloc           48%        N/A       1%          6

Your spell library contained the following spells:

 Spells                   Type           Power      Damage    Failure   Level
 Apportation              Tloc           100%       N/A       0%          1
 Lesser Beckoning         Tloc           100%       N/A       0%          2
 Teleport Other           Tloc           97%        N/A       0%          3
 Beastly Appendage        Tmut           100%       N/A       1%          1
 Foxfire                  Conj/Fire      100%       2x1d9     1%          1
 Kiss of Death            Conj/Necr      100%       2d13      1%          1
 Magic Dart               Conj           100%       1d8       1%          1
 Sandblast                Erth           76%        2d16      1%          1
 Momentum Strike          Conj/Tloc      100%       3d10      1%          2
 Searing Ray              Conj           100%       2d8       1%          2
 Kindle Blastsparks       Fire/Tloc/Air  100%       2d18      1%          3
 Portal Projectile        Hex/Tloc       100%       N/A       1%          3
 Spider Form              Tmut/Pois      52%        N/A       1%          3
 Stone Arrow              Conj/Erth      100%       3d13      1%          3
 Iskenderun's Mystic Bla  Conj/Tloc      80%        2d16      1%          4
 Blade Hands              Tmut           36%        N/A       1%          5
 Summon Forest            Summ/Tloc      34%        N/A       2%          5
 Hailstorm                Conj/Ice       41%        3d10      3%          3
 Ignite Poison            Fire/Tmut/Pois 42%        N/A       3%          3
 Mephitic Cloud           Conj/Pois/Air  44%        N/A       3%          3
 Petrify                  Tmut/Erth      58%        N/A       3%          4
 Cigotuvi's Dreadful Rot  Necr/Pois/Air  60%        N/A       4%          2
 Ice Form                 Ice/Tmut       52%        N/A       5%          4
 Call Imp                 Summ           20%        N/A       8%          2
 Ensorcelled Hibernation  Hex/Ice        40%        N/A       8%          2
 Scorch                   Fire           40%        2d7       8%          2
 Iskenderun's Battlesphe  Conj           58%        2d11      9%          5
 Flame Wave               Conj/Fire      41%        2d11      12%         4
 Fulminant Prism          Conj/Hex       20%        3d12      12%         4
 Arcjolt                  Conj/Air       27%        1d37      12%         5
 Call Canine Familiar     Summ           20%        N/A       16%         3
 Summon Guardian Golem    Hex/Summ       20%        N/A       16%         3
 Tukima's Dance           Hex            20%        N/A       16%         3
 Vampiric Draining        Necr           20%        2d7       16%         3
 Alistair's Intoxication  Tmut/Pois      34%        N/A       16%         5
 Yara's Violent Unravell  Hex/Tmut       26%        3d11      16%         5
 Animate Armour           Summ/Erth      58%        N/A       28%         4
 Leda's Liquefaction      Hex/Erth       14%        N/A       28%         4
 Freezing Cloud           Conj/Ice/Air   22%        6-21      28%         5
 Fireball                 Conj/Fire      20%        3d10      34%         5
 Lee's Rapid Deconstruct  Erth           19%        3d11*     38%         5
 Statue Form              Tmut/Erth      38%        N/A       41%         6
 Dragon Form              Tmut           36%        N/A       43%         7
 Anguish                  Hex/Necr       10%        N/A       45%         4
 Animate Dead             Necr           20%        N/A       45%         4
 Dispel Undead            Necr           20%        3d11      45%         4
 Summon Ice Beast         Ice/Summ       20%        N/A       45%         4
 Silence                  Hex/Air        17%        N/A       45%         5
 Conjure Ball Lightning   Conj/Air       27%        3x3d8     56%         6
 Malign Gateway           Summ/Tloc      34%        N/A       56%         7
 Borgnjor's Vile Clutch   Necr/Erth      14%        N/A       61%         5
 Eringya's Noxious Bog    Tmut/Pois      26%        N/A       63%         6
 Iron Shot                Conj/Erth      25%        9d5       71%         6
 Summon Mana Viper        Hex/Summ       20%        N/A       82%         5
 Starburst                Conj/Fire      20%        6d7       88%         6
 Orb of Destruction       Conj           29%        9d9       94%         7
 Death Channel            Necr           10%        N/A       100%        6
 Simulacrum               Ice/Necr       10%        N/A       100%        6
 Summon Cactus Giant      Summ           10%        N/A       100%        6
 Enfeeble                 Hex            10%        N/A       100%        7
 Monstrous Menagerie      Summ           10%        N/A       100%        7
 Ozocubu's Refrigeration  Ice            10%        4d9       100%        7
 Spellforged Servitor     Conj/Summ      20%        N/A       100%        7
 Summon Hydra             Summ           10%        N/A       100%        7
 Borgnjor's Revivificati  Necr           10%        N/A       100%        8
 Discord                  Hex            10%        N/A       100%        8
 Lehudib's Crystal Spear  Conj/Erth      25%        10d7      100%        8
 Maxwell's Capacitive Co  Air            25%        ∞         100%        8
 Chain Lightning          Conj/Air       27%        3d36      100%        9
 Death's Door             Necr           10%        N/A       100%        9
 Fire Storm               Conj/Fire      20%        8d5       100%        9
 Shatter                  Erth           19%        3d17*     100%        9


Dungeon Overview and Level Annotations

Branches:
Dungeon (15/15)            Temple (0/1) D:4            Lair (5/5) D:10
  Swamp (4/4) Lair:2        Snake (4/4) Lair:2        Slime (5/5) Lair:5
    Orc (2/2) D:11            Elf (3/3) Orc:2        Vaults (5/5) D:14
  Crypt (0/3) Vaults:2     Depths (4/4) D:15            Zot (5/5) Depths:4
 Bailey (visited)           IceCv (visited)          WizLab (visited)
Desolation (visited)

Shops:
D:1 *   D:4 !   D:9 *   Orc:1 !(   Orc:2 *=:*   Elf:1 *   Elf:2 *   Snake:1 ::=
Vaults:1 *   Vaults:4 [   Zot:1 *   Depths:4 =?

Portals:
Hell: Depths:1 Depths:2 Depths:3 Depths:4
Abyss: Lair:5 Depths:3
Pandemonium: Depths:1 Depths:2
Ziggurat: Depths:1
Trove: D:12 (give 12 potions of heal wounds)

Annotations:
D:4 exclusions: door and downstairs
D:13 exclusion: downstairs
Lair:3 exclusion: downstairs
Swamp:2 exclusion: downstairs
Snake:3 exclusion: downstairs
Vaults:2 3 runed translucent doors, Jory; Qecvurom's ghost, adept DrRe; Zeolishe's ghost, adept TeAE
Depths:4 exclusion: 3 caustic shrikes
Zot:1 2 transporters


Innate Abilities, Weirdness & Mutations

You have an increased reservoir of magic. (+10% MP)
You shall have no god before yourself.
Your divine heritage dramatically boosts your attributes as you level up.
Your flesh is cold resistant. (rC+)
Armour fits poorly on your strangely shaped body.
You occasionally shout uncontrollably at your foes.
You are weak. (Str -2)


Message History

There is a stone staircase leading down here.
There is a stone staircase leading up here.
You fly upwards.
There is a stone staircase leading down here.
There is an escape hatch in the ceiling here.
A mysterious force pulls you upwards. The hatch slams shut behind you.
There is a stone staircase leading up here.
You fly upwards.
There is a stone staircase leading down here.
A hellephant comes into view.
Space momentarily warps into an impossible shape!
You slash the hellephant!
Space momentarily warps into an impossible shape!
You hit the hellephant but do no damage.
Space momentarily warps into an impossible shape!
You slice the hellephant!!
Space momentarily warps into an impossible shape!
You hit the hellephant.
Space momentarily warps into an impossible shape!
You hit the hellephant. The hellephant breathes flames at you.
The blast of flame misses you.
Space momentarily warps into an impossible shape!
You slash the hellephant! You block the hellephant's attack.
The hellephant completely misses you. You block the hellephant's attack.
You slice the hellephant!! You carve the hellephant like a ham!!!
The hellephant completely misses you. You block the hellephant's attack.
The hellephant completely misses you.
You barely miss the hellephant. The hellephant tramples you!
You are shoved backwards!
You hit the hellephant.
You kill the hellephant!
No target in view!
(D) Dungeon (T) Temple (L) Lair (S) Swamp (P) Snake Pit (M) Slime Pits (O) Orcish Mines (E) Elven Halls (V) Vaults (C) Crypt (U) Depths (H) Hell (Z) Zot
Where to? (Enter - D:1 @ (x,y), ? - help)
There is a large open door here.
There is an open door here.
There is a staircase leading out of the dungeon here.
You have escaped!

#...........# #..........##
##..........# #...........#
#..........# #.........#)#
#..........### ##.........#..
####...........# #..........##.
...........##''## ##.#.......###.
..........##8..8###..##..........
.....[....###..###..####.###.....
..........#.+..'@#..####.###.....
..........###..###...............
...#......#8....8####.#......)...
...#......###..######....###.....
...#.######.'..+.##..............
...#.# ###..####..............
...#.# #8....8##.........#..##
####.########..####.............#
#.##...#÷+..+÷##>.....########


There were no monsters in sight!

Vanquished Creatures
  the Royal Jelly (Slime:5)
  2 dread liches
  An ancient lich (Zot:5)
  3 orbs of fire (Zot:5)
  3 curse toes (Zot:4)
  7 Killer Klowns
  Saint Roka (Elf:3)
  Nikola (Snake:2)
  6 golden dragons
  The ghost of Herac the Fencer, a veteran TeWr of Yredelemnul (Depths:1)
  Jorgrun (D:12)
  2 hellephants
  3 electric golems
  Mlioglotl (Swamp:3)
  Zenata (Elf:3)
  2 Ice Fiends (IceCv)
  3 liches
  27 Orb Guardians
  19 tentacled monstrosities
  A walking earthen tome (Depths:2)
  Rupert (D:12)
  5 titans (Vaults:5)
  2 deep elf master archers (Elf:3)
  Frances (Swamp:2)
  7 sphinxes
  5 death cobs
  4 quicksilver dragons
  4 deep elf blademasters
  A tentacled starspawn (Abyss:2)
  18 acid blobs
  A thorn hunter (Swamp:2)
  7 shadow dragons
  16 storm dragons
  Roxanne (D:15)
  12 tengu reavers
  5 draconian monks
  9 rockslimes
  5 nagarajas (Snake:4)
  6 azure jellies
  The ghost of oldriver the Warrior, a journeyman MeHu of Okawaru (Swamp:1)
  5 fire giants
  9 frost giants
  10 draconian knights
  A fenstrider witch (Swamp:3)
  2 balrugs
  3 imperial myrmidons (Desolation)
  The ghost of themarg the Warrior, a journeyman MfGl of Gozag (Swamp:1)
  4 deep elf sorcerers
  5 draconian shifters
  12 vault wardens
  Louise (Swamp:1)
  4 spriggan defenders
  4 angels (Zot:4)
  2 orc warlords
  5 deep elf elementalists
  14 ironbound preservers
  6 draconian scorchers
  2 ghouls (Vaults:2)
  19 very ugly things
  2 cacodemons
  5 draconian stormcallers
  5 draconian annihilators
  A reaper (D:7)
  8 quicksilver oozes
  6 war gargoyles
  8 ironbound thunderhulks
  A quicksilver ooze (shapeshifter) (Lair:5)
  A juggernaut skeleton (Abyss:2)
  6 vampire knights
  15 stone giants
  5 eleionomae
  13 deep elf demonologists
  11 green draconians
  9 deep elf annihilators
  13 black draconians
  13 yellow draconians
  13 purple draconians
  A lorocyproca (D:7)
  A halazid warlock (Desolation)
  10 white draconians
  19 dire elephants
  2 pale draconians (Depths:4)
  13 red draconians
  An eidolon (Vaults:2)
  2 spark wasps
  Snorg (Lair:4)
  4 bunyips
  An ettin (shapeshifter) (Vaults:4)
  A blizzard demon (Abyss:2)
  5 crystal guardians
  6 deep elf death magi
  A green death (Zot:5)
  Josephine (Lair:3)
  11 ettins
  7 fire dragons
  5 mummy priests (Depths:2)
  2 deep elf high priests
  3 entropy weavers
  17 ragged hierophants (Desolation)
  Fannar (D:11)
  2 hell beasts
  10 yaktaur captains
  10 great orbs of eyes
  8 ice dragons
  27 vault guards
  3 ogre magi
  8 servants of whispers (Desolation)
  15 anacondas
  4 catoblepae
  5 salamander tyrants (Snake:4)
  Erolcha (D:12)
  11 hydras
  6 spriggan air magi
  10 centaur warriors
  14 peacekeepers
  A caustic shrike simulacrum (IceCv)
  5 two-headed ogres
  5 alligators
  6 deep troll shamans
  3 ghost crabs
  23 dancing weapons
  3 tengu warriors
  10 ironbound frosthearts
  19 naga warriors
  4 thrashing horrors
  5 boulder beetles
  A boulder beetle (shapeshifter) (Vaults:5)
  A hell hog (Depths:1)
  3 orc high priests (Orc:2)
  5 deep troll earth magi
  6 death yaks
  Nergalle (D:10)
  8 shock serpents
  5 spriggan berserkers
  20 naga sharpshooters
  A storm dragon zombie (Depths:1)
  15 spriggans
  3 sun demons
  3 soul eaters
  2 skysharks (Lair:5)
  24 deep elf knights
  Amaemon (D:10)
  7 hell knights (Depths:3)
  11 iron trolls
  5 skeletal warriors (D:11)
  40 deep trolls
  5 salamander mystics
  A quicksilver dragon simulacrum (Depths:1)
  4 sea snakes (Snake:4)
  A cherub (Depths:4)
  A deep troll (shapeshifter) (Vaults:5)
  6 goliath frogs
  A golden dragon zombie (Depths:1)
  5 spriggan simulacra (IceCv)
  3 bog bodies
  An obsidian statue (Snake:3)
  5 wizards
  6 swamp dragons
  20 ironbound convokers
  An orange crystal statue (IceCv)
  A necromancer (Depths:1)
  13 orc knights
  7 naga ritualists
  12 deep elf archers
  6 lindwurms
  8 phantasmal warriors
  A steelbarb worm (shapeshifter) (Elf:1)
  A harpy (Vaults:3)
  16 mana vipers
  7 starcursed masses (Abyss:2)
  26 deep elf pyromancers
  24 deep elf zephyrmancers
  A manticore (D:9)
  A manticore (shapeshifter) (Vaults:5)
  42 ugly things
  7 orc sorcerers
  2 oklob plants (Lair:4)
  3 shining eyes
  24 salamanders
  4 will-o-the-wisps
  9 cyclopes
  Maurice (D:10)
  A worldbinder (Abyss:2)
  27 moths of wrath
  A water nymph (shapeshifter) (Depths:3)
  9 orange demons
  Joseph (D:9)
  A stone giant skeleton (Depths:1)
  A molten gargoyle (Desolation)
  A rust devil (Depths:3)
  12 vault sentinels
  An eye of devastation (shapeshifter) (Vaults:5)
  3 gargoyles (D:12)
  42 black mambas
  A black mamba (shapeshifter) (WizLab)
  10 guardian serpents
  17 naga magi
  4 torpor snails (Lair:3)
  An eye of devastation (Slime:5)
  5 smoke demons
  A cane toad (shapeshifter) (D:10)
  An unseen horror (D:13)
  2 rime drakes
  6 cane toads
  2 yaktaurs (shapeshifter) (WizLab)
  An efreet (Abyss:2)
  An unseen horror (shapeshifter) (Lair:5)
  2 komodo dragons (shapeshifter) (WizLab)
  3 tengu conjurers
  2 tormentors
  An anaconda simulacrum (IceCv)
  4 komodo dragons
  4 red devils (Depths:3)
  29 yaktaurs
  5 ancient zymes
  16 freezing wraiths
  A golden dragon simulacrum (IceCv)
  2 guardian mummies (Depths:2)
  A queen bee (shapeshifter) (Zot:4)
  11 ice devils
  A tarantella (Vaults:5)
  A meliai (shapeshifter) (WizLab)
  A troll (shapeshifter) (WizLab)
  6 hellwings
  14 hornets
  6 trolls
  2 wind drakes (shapeshifter)
  13 tyrant leeches
  A wolf spider simulacrum (D:14)
  28 blink frogs
  52 saltlings (Desolation)
  2 blink frogs (shapeshifter) (WizLab)
  3 raiju (Abyss:2)
  2 hornets (shapeshifter) (WizLab)
  4 dream sheep (Lair:2)
  A jumping spider (shapeshifter) (WizLab)
  97 slime creatures
  3 flying skulls
  2 air elementals
  2 spriggans (shapeshifter)
  6 wyverns
  A culicivora (Vaults:5)
  A dire elephant simulacrum (IceCv)
  A shadow (D:11)
  A culicivora (shapeshifter) (WizLab)
  4 wraiths
  3 ynoxinuls
  2 hogs (shapeshifter) (WizLab)
  5 fire elementals
  40 yaks
  A human (shapeshifter) (WizLab)
  A neqoxec (Depths:1)
  4 water elementals
  Grum (D:8)
  8 basilisks
  3 swamp worm simulacra (Swamp:4)
  A yak (shapeshifter) (WizLab)
  3 golden eyes (shapeshifter) (WizLab)
  5 vampire mosquitoes
  A minotaur simulacrum (IceCv)
  2 steam dragons (Depths:4)
  11 large abominations
  A basilisk (shapeshifter) (WizLab)
  5 redbacks
  2 chaos spawn
  50 nagas
  4 wargs
  An acid dragon (D:12)
  12 swamp worms
  A harpy simulacrum (IceCv)
  A naga (shapeshifter) (WizLab)
  A swamp worm (shapeshifter) (WizLab)
  Edmund (D:5)
  An iron golem (WizLab)
  Duvessa (D:7)
  14 hydra simulacra (Swamp:4)
  18 small abominations
  5 water moccasins
  2 floating eyes (shapeshifter)
  6 floating eyes
  3 swamp drakes (Swamp:2)
  An ettin simulacrum (IceCv)
  A swamp drake (shapeshifter) (Vaults:5)
  An ice beast (D:7)
  2 black bears
  36 orc warriors
  A sky beast (D:6)
  8 ogres
  An alligator simulacrum (IceCv)
  12 wolves
  5 boggarts (Vaults:1)
  18 centaurs
  A phantom (D:5)
  8 kobold brigands
  Blork the orc (D:5)
  8 bullfrogs
  9 earth elementals
  2 deep troll simulacra (IceCv)
  5 scorpions
  3 wights (D:10)
  Dowan (D:7)
  A glowing shapeshifter simulacrum (Depths:1)
  8 killer bees (D:9)
  A lindwurm simulacrum (IceCv)
  4 electric eels
  9 howler monkeys
  A lava snake (Lair:1)
  2 jellies
  18 orc priests
  3 hounds
  A sleepcap (D:5)
  2 gnoll boudas
  5 iguanas
  Natasha (thrice) (D:2)
  25 orc wizards
  A mummy (Depths:2)
  Robin (D:3)
  10 gnolls
  6 adders
  3 white imps
  5 swamp drake simulacra (Swamp:4)
  An ufetubus (D:4)
  3 worms (D:2)
  A dart slug (D:1)
  86 orcs
  5 ball pythons
  A bat zombie (D:5)
  8 endoplasms
  5 giant cockroaches
  17 goblins
  11 hobgoblins
  5 jackals
  A quokka (D:2)
  4 bats
  2 frilled lizards
  30 kobolds
  3 rats
  2 briar patches (Swamp:2)
  A starspawn tentacle (Abyss:2)
2339 creatures vanquished.

Vanquished Creatures (collateral kills)
  A Killer Klown (Zot:5)
  A mutant beast (WizLab)
  A daeva (D:15)
  A very ugly thing (WizLab)
  An obsidian statue (IceCv)
  An orc knight (Bailey)
  A naga mage (Snake:1)
  A molten gargoyle (Desolation)
  A guardian serpent (Desolation)
  A polar bear (Lair:4)
  3 saltlings (Desolation)
  A slime creature (Vaults:1)
  An orc warrior (Bailey)
  An ogre (Orc:1)
16 creatures vanquished.

Vanquished Creatures (others)
  An azure jelly (Slime:1)
  A fire giant (Vaults:5)
  A ghost crab (Swamp:4)
  A peacekeeper (Vaults:3)
  3 deep elf knights
  A wizard (Vaults:2)
  2 slime creatures (Slime:1)
  A tyrant leech (Swamp:3)
  2 bloated husks
  A spriggan (Swamp:1)
  A steam dragon (Depths:4)
  An orc priest (Orc:2)
  An orc wizard (Orc:2)
  An orc (Orc:2)
  12 foxfires
  20 fungi
  7 pillars of salt (Zot:4)
  62 plants
  A starspawn tentacle (Abyss:2)
  2 withered plants (Desolation)
122 creatures vanquished.

Grand Total: 2477 creatures vanquished

Notes
Turn   | Place    | Note
-------+----------+-------------------------------------------
     0 | D:1      | ragingrage the Demigod Warper began the quest for the Orb.
     0 | D:1      | Reached XP level 1. HP: 17/17 MP: 5/5
   118 | D:1      | Found Yzonejikh's Assorted Antiques.
   263 | D:1      | Reached XP level 2. HP: 24/24 MP: 7/7
   581 | D:2      | Noticed Natasha
   599 | D:2      | Killed Natasha
   600 | D:2      | Reached skill level 1 in Stealth
   600 | D:2      | Reached XP level 3. HP: 3/29 MP: 8/8
   733 | D:1      | Bought a bubbling green potion for 24 gold pieces
   733 | D:1      | Bought a scroll labelled EPASIOJ SETU for 27 gold pieces
  1017 | D:2      | Noticed Natasha
  1024 | D:2      | Killed Natasha
  1067 | D:2      | Noticed Natasha
  1219 | D:2      | Killed Natasha
  1220 | D:2      | Reached XP level 4. HP: 28/36 MP: 9/9
  1909 | D:2      | Learned a level 2 spell: Blink
  1912 | D:2      | Learned a level 2 spell: Lesser Beckoning
  2145 | D:3      | Identified the +3 leather armour of the Crushed Leylines
                  | {Int-4 Dex+7 Slay+3}
  2676 | D:3      | Reached XP level 5. HP: 41/41 MP: 10/10
  3011 | D:1      | Bought 2 fizzy amethyst potions for 48 gold pieces
  3011 | D:1      | Bought a scroll labelled IZIYKI WUME for 27 gold pieces
  3179 | D:3      | Reached skill level 3 in Translocations
  3276 | D:3      | Noticed Robin
  3776 | D:3      | Killed Robin
  4412 | D:4      | Noticed a black bear
  4419 | D:4      | Killed a black bear
  4420 | D:4      | Reached skill level 5 in Long Blades
  4519 | D:4      | Found a staircase to the Ecumenical Temple.
  5025 | D:4      | Reached XP level 6. HP: 44/48 MP: 11/11
  5473 | D:4      | Found Kesyfal's Distillery.
  5479 | D:4      | Bought a potion of might for 40 gold pieces
  5645 | D:5      | Entered Level 5 of the Dungeon
  6004 | D:5      | Reached XP level 7. HP: 53/53 MP: 12/12
  6541 | D:5      | Noticed Edmund
  6826 | D:5      | Noticed Blork the orc
  7079 | D:5      | Killed Blork the orc
  7175 | D:5      | Reached XP level 8. HP: 60/60 MP: 13/13
  7798 | D:6      | Learned a level 3 spell: Vhi's Electric Charge
  7978 | D:7      | Noticed Dowan
  7980 | D:7      | Noticed Duvessa
  8103 | D:5      | Reached skill level 10 in Long Blades
  8679 | D:6      | Identified the +8 flail of Salt {pain, rC+ rN++ Stlth+}
  8762 | D:4      | Bought a potion of invisibility for 80 gold pieces
  8911 | D:7      | Killed Duvessa
  8912 | D:7      | Reached XP level 9. HP: 61/67 MP: 14/14
  8920 | D:7      | Killed Dowan
  9077 | D:7      | Learned a level 4 spell: Manifold Assault
 10857 | D:8      | Noticed Grum
 11009 | D:8      | Killed Grum
 12157 | D:9      | Noticed a manticore
 12159 | D:9      | Noticed a cyclops
 12178 | D:9      | Killed a manticore
 12179 | D:9      | Reached XP level 10. HP: 62/73 MP: 15/15
 12189 | D:9      | Killed a cyclops
 12462 | D:9      | Identified the +3 flail of Ignis's Righteous Fury {holy,
                  | rC- Str+3 Dex+7}
 12589 | D:9      | Noticed Joseph
 12694 | D:9      | Found Kumufug's General Store.
 12913 | D:10     | Entered Level 10 of the Dungeon
 13063 | D:10     | Noticed a death yak
 13105 | D:10     | Killed a death yak
 13106 | D:10     | Reached skill level 1 in Air Magic
 13289 | D:10     | Found a flagged portal.
 13329 | Bailey   | Entered a bailey
 13479 | Bailey   | Noticed an orc knight
 13490 | Bailey   | Killed an orc knight
 13491 | Bailey   | Reached skill level 4 in Translocations
 13638 | Bailey   | Identified the ring of Kikubaaqudgha, Sharing {rF+ rCorr}
 13903 | D:10     | Found a staircase to the Lair.
 13904 | D:10     | Noticed a death yak
 13941 | D:10     | Noticed a death yak
 13949 | D:10     | Killed a death yak
 14103 | D:10     | Noticed Maurice
 14113 | D:10     | Killed Maurice
 14114 | D:10     | Reached XP level 11. HP: 83/83 MP: 19/19
 14196 | D:10     | Noticed a boulder beetle
 14430 | D:10     | Reached skill level 5 in Dodging
 14430 | D:10     | Reached skill level 5 in Translocations
 14498 | D:10     | Killed a death yak
 15169 | D:11     | Reached skill level 5 in Fighting
 15332 | D:10     | Killed a boulder beetle
 15333 | D:10     | Reached skill level 6 in Translocations
 15555 | Lair:1   | Entered Level 1 of the Lair of Beasts
 15728 | Lair:1   | You fall into a shaft and drop 1 floor!
 15769 | Lair:2   | Reached skill level 1 in Evocations
 16316 | Lair:1   | Identified a scroll of acquirement
 16316 | Lair:1   | Acquired the +2 ratskin cloak {*Rats rPois rN+ Str-1 Int-1
                  | Dex+1}
 16316 | Lair:1   | Found the +2 ratskin cloak {*Rats rPois rN+ Str-1 Int-1
                  | Dex+1}
 16625 | Lair:2   | Noticed a catoblepas
 16646 | Lair:2   | Killed a catoblepas
 17031 | Lair:2   | Found a staircase to the Swamp.
 17375 | Lair:2   | Reached skill level 7 in Translocations
 17502 | Lair:2   | Reached XP level 12. HP: 93/94 MP: 20/20
 17523 | Lair:2   | Found a staircase to the Snake Pit.
 17703 | Lair:3   | Noticed a four-headed hydra
 17708 | Lair:3   | Killed a four-headed hydra
 17897 | Lair:3   | Noticed Josephine
 18082 | Lair:3   | Killed Josephine
 18170 | Lair:3   | Reached skill level 8 in Translocations
 18353 | Lair:3   | Reached skill level 5 in Evocations
 18813 | Lair:4   | Noticed a six-headed hydra
 19195 | Lair:4   | Killed a six-headed hydra
 19470 | Lair:4   | Noticed a five-headed hydra
 19479 | Lair:4   | Killed a five-headed hydra
 19480 | Lair:4   | Reached skill level 9 in Translocations
 19480 | Lair:4   | Reached skill level 1 in Armour
 19689 | Lair:4   | Noticed Snorg
 19706 | Lair:4   | Killed Snorg
 20182 | Lair:5   | Entered Level 5 of the Lair of Beasts
 20571 | Lair:5   | Found a staircase to the Slime Pits.
 20751 | Lair:5   | Reached XP level 13. HP: 79/101 MP: 21/21
 21570 | D:11     | Noticed Nergalle
 21590 | D:10     | Killed Nergalle
 21750 | D:11     | Noticed Amaemon
 21768 | D:10     | Killed Amaemon
 22139 | D:11     | Found a staircase to the Orcish Mines.
 24132 | D:11     | Found a staircase to the Orcish Mines.
 24589 | Orc:1    | Entered Level 1 of the Orcish Mines
 24775 | Orc:1    | Found Erchie's Distillery.
 24786 | Orc:1    | Bought a potion of haste for 110 gold pieces
 24786 | Orc:1    | Bought a potion of brilliance for 44 gold pieces
 24806 | Orc:1    | Found Istretac's Antique Weapon Shop.
 25010 | Orc:2    | Entered Level 2 of the Orcish Mines
 25536 | Orc:2    | Found a staircase to the Elven Halls.
 25556 | Orc:2    | Reached skill level 10 in Translocations
 25796 | Orc:2    | Reached skill level 1 in Shields
 26858 | Orc:2    | Reached skill level 5 in Spellcasting
 27020 | Orc:2    | Found Vozof's Book Emporium.
 27020 | Orc:2    | Found Zasumub's General Store.
 27022 | Orc:2    | Found Piont's Jewellery Shop.
 27022 | Orc:2    | Found Jeasej's Assorted Antiques.
 27039 | Orc:2    | Bought a scroll of brand weapon for 133 gold pieces
 27213 | D:12     | Reached skill level 5 in Armour
 27274 | D:12     | Noticed Erolcha
 27315 | D:12     | Noticed Fannar
 27336 | D:11     | Killed Fannar
 27543 | D:12     | Killed Erolcha
 27754 | D:12     | Noticed Rupert
 27765 | D:12     | Killed Rupert
 27766 | D:12     | Reached XP level 14. HP: 83/113 MP: 25/25
 27866 | D:12     | Noticed Jorgrun
 28087 | D:12     | Killed Jorgrun
 28290 | D:12     | Found a portal to a secret trove of treasure.
 29447 | D:13     | Reached skill level 11 in Translocations
 29833 | D:15     | Entered Level 15 of the Dungeon
 29882 | D:15     | Reached skill level 5 in Shields
 30088 | D:15     | Identified the +4 robe of Parts Unknown {rElec rF++ Str+2}
 30148 | D:15     | Identified Roxanne's Octavo of the Quarry
 30148 | D:15     | Noticed Roxanne
 30880 | D:15     | Found a staircase to the Depths.
 31037 | D:14     | Reached skill level 10 in Fighting
 31292 | D:14     | Found a gate to the Vaults.
 32379 | Snake:1  | Entered Level 1 of the Snake Pit
 32666 | Snake:1  | Reached skill level 5 in Stealth
 33283 | Snake:1  | Reached XP level 15. HP: 128/128 MP: 26/26
 33457 | Snake:1  | Found Ixoept's Jewellery Emporium.
 33457 | Snake:1  | Found Cusiddov's Book Shop.
 33458 | Snake:1  | Found Hesaurgh's Book Shop.
 33888 | Snake:2  | Found a frozen archway.
 33911 | IceCv    | Entered an ice cave
 34542 | IceCv    | Identified the +2 hat "Fatulo" {-Cast rC+ Str+2 SInv}
 34807 | IceCv    | Noticed an Ice Fiend
 34815 | IceCv    | Noticed an Ice Fiend
 34829 | IceCv    | Killed an Ice Fiend
 34830 | IceCv    | Reached skill level 10 in Dodging
 34834 | IceCv    | Killed an Ice Fiend
 35177 | IceCv    | Identified the ring "Saduti" {rElec rC+ Str-3 Int+7}
 35588 | Snake:2  | Reached skill level 5 in Air Magic
 36604 | Snake:3  | Reached skill level 12 in Translocations
 37639 | Snake:3  | Found a transporter.
 37652 | Snake:3  | Found a transporter.
 38400 | Snake:4  | Entered Level 4 of the Snake Pit
 38613 | Snake:4  | Reached XP level 16. HP: 138/138 MP: 16/30
 39143 | Snake:4  | Got the Tractate on the Catacomb and Confrontation
 41578 | Swamp:1  | Entered Level 1 of the Swamp
 42213 | Snake:1  | Bought a book of Changes for 252 gold pieces
 42216 | Snake:1  | Learned a level 2 spell: Wereblood
 42369 | Swamp:1  | Noticed Louise
 42694 | Orc:2    | Bought a phial of floods for 560 gold pieces
 42900 | Swamp:1  | Reached skill level 10 in Shields
 42900 | Swamp:1  | Reached skill level 1 in Transmutations
 43055 | Swamp:1  | You fall into a shaft and drop 1 floor!
 43076 | Swamp:1  | Killed Louise
 43090 | Swamp:1  | Found a runed translucent gate.
 43090 | Swamp:1  | Noticed themarg's ghost (journeyman MfGl)
 43091 | Swamp:1  | Found a runed translucent gate.
 43092 | Swamp:1  | Found a runed translucent gate.
 43094 | Swamp:1  | Noticed oldriver's ghost (journeyman MeHu)
 43136 | Swamp:1  | Identified the +1 scale mail of the Vaults {Int+3}
 44134 | Swamp:2  | Noticed Frances
 44150 | Swamp:2  | Killed Frances
 44352 | Swamp:2  | Reached XP level 17. HP: 136/146 MP: 24/32
 45354 | Swamp:4  | Entered Level 4 of the Swamp
 45357 | Swamp:4  | Noticed Mlioglotl
 45730 | Swamp:3  | Reached skill level 5 in Transmutations
 45915 | Swamp:3  | Killed Mlioglotl
 46519 | Swamp:4  | Noticed a tentacled monstrosity
 46527 | Swamp:4  | Killed a tentacled monstrosity
 47264 | Swamp:4  | Got a decaying rune of Zot
 48603 | Snake:4  | Got a serpentine rune of Zot
 49031 | D:5      | Killed Edmund
 49140 | D:9      | Killed Joseph
 49618 | Lair:5   | Learned a level 5 spell: Irradiate
 49708 | Lair:5   | Learned a level 4 spell: Passage of Golubria
 49708 | Lair:5   | Identified the +2 leather armour "Joetaic" {rF+}
 49818 | Lair:5   | Found a one-way gate to the infinite horrors of the Abyss.
 50221 | Elf:1    | Entered Level 1 of the Elven Halls
 51124 | Elf:1    | Noticed a Brimstone Fiend
 51222 | Elf:1    | Found Neus Wig's Assorted Antiques.
 51230 | Elf:1    | Reached XP level 18. HP: 149/154 MP: 12/33
 51728 | Elf:2    | Found Asom's General Store.
 51744 | Elf:2    | Bought 2 throwing nets for 114 gold pieces
 51910 | Elf:2    | Reached skill level 15 in Shields
 52207 | Elf:2    | Reached skill level 1 in Conjurations
 52481 | Elf:2    | Found a runed translucent gate.
 52482 | Elf:2    | Found a runed translucent gate.
 52482 | Elf:2    | Found a runed translucent gate.
 52626 | Elf:2    | Paralysed by an orc sorcerer for 2 turns
 52841 | Elf:3    | Entered Level 3 of the Elven Halls
 52950 | Elf:3    | Noticed Saint Roka
 53385 | Elf:3    | Killed Saint Roka
 53568 | Elf:3    | Noticed Zenata
 53586 | Elf:3    | Killed Zenata
 54403 | Elf:3    | Identified the ring "Qoliusic" {rElec rF+ rC+ Int+4}
 54652 | Elf:3    | Identified the +7 whip of Veklyfuq {freeze, Will+ rCorr
                  | MP+9 Int+5}
 54712 | Elf:3    | Identified the +5 morningstar of Proximity {vamp, *Rage
                  | rElec Int+7 Dex-5}
 54712 | Elf:3    | Identified the ring "Usteshri" {rF+ rCorr Dex+3}
 54830 | Elf:3    | Identified the +6 ring mail of the Kettle-Drum {-Cast rPois
                  | rCorr Str+3}
 55711 | Elf:3    | Identified the ring "Iphi" {Wiz Str+5 Stlth-}
 55753 | Elf:3    | Identified the +1 battleaxe "Vunot" {flame, rF++ Will+
                  | rCorr}
 55941 | Elf:3    | Identified the +1 robe of Past Mistakes {Rampage rElec
                  | Regen+}
 55946 | Abyss:2  | Cast into level 2 of the Abyss (a deep elf demonologist)
 56129 | Abyss:2  | Reached skill level 5 in Conjurations
 56367 | Abyss:2  | Noticed a bone dragon
 56383 | Abyss:2  | Noticed a hellephant
 56416 | Abyss:2  | Killed a hellephant
 56699 | Abyss:2  | Noticed a profane servitor
 56714 | Elf:3    | Escaped the Abyss
 56842 | Elf:3    | Identified the +1 cloak of Cetroil {Str+4 Slay+5}
 56998 | Elf:3    | Got the Directory of Terra Firma
 57000 | Elf:3    | Got the Volume of the Fifth Circle
 57009 | Elf:3    | Learned a level 2 spell: Passwall
 57031 | Elf:3    | Identified the +2 robe of Circular Logic {Str+3}
 57257 | Elf:2    | Reached skill level 1 in Earth Magic
 57705 | Elf:2    | Reached XP level 19. HP: 112/163 MP: 22/35
 58386 | Vaults:1 | Entered Level 1 of the Vaults
 59033 | Vaults:1 | Identified the +4 hat of the Crypt {Int+4}
 59077 | Vaults:1 | Identified the +3 robe of Charity {Str+3 Int-5 Dex+3}
 59248 | Vaults:1 | Found Cuoneeh's General Store.
 59755 | Vaults:1 | Reached skill level 10 in Spellcasting
 59878 | Vaults:1 | Reached skill level 10 in Transmutations
 61098 | Vaults:2 | You fall into a shaft and drop 2 floors!
 61271 | Vaults:4 | Found Ukiax's Armour Shop.
 61321 | Vaults:4 | Found a crumbling gateway.
 61349 | Desolati | Entered the Desolation of Salt
 61532 | Desolati | Got the Reference Book on Dislocation and Accompaniment
 61535 | Desolati | Got Teyrop's Tome of Spellbinding and Flames
 61707 | Desolati | Identified the amulet of Zoopeul {Faith Fly rElec rN+}
 61754 | Desolati | Identified the +2 war axe of Karma {drain, rF++ Dex+4}
 61775 | Desolati | Identified the ring "Qenwawuv" {rPois rN+ Slay+2 SInv}
 61802 | Desolati | Reached XP level 20. HP: 82/171 MP: 12/42
 62168 | Desolati | Identified the +8 chain mail of Philately {rPois}
 62270 | Desolati | Found the +10 Black Knight's barding {ponderous, rPois rN+}
 62660 | Desolati | Identified the +3 robe of the Demon Prince {-Tele MP+9
                  | Int+8 Archmagi}
 62754 | Desolati | Identified the +5 scale mail of Vehumet's Castigation
                  | {+Blink rElec Str+6 SInv}
 62924 | Desolati | Got the Volume of Boreal Nonlocality
 62937 | Desolati | Reached skill level 10 in Evocations
 62946 | Desolati | Learned a level 8 spell: Disjunction
 63770 | Vaults:3 | Found a magical portal.
 63787 | WizLab   | Entered Cigotuvi's Fleshworks
 64055 | WizLab   | Identified the ring of Ippac {Will+ AC+4}
 64164 | WizLab   | Got Cigotuvi's Anthology of Shades
 64865 | Vaults:2 | Noticed Jory
 64920 | Vaults:2 | Found a runed translucent gate.
 64921 | Vaults:2 | Found a runed translucent gate.
 64921 | Vaults:2 | Found a runed translucent gate.
 64922 | Vaults:2 | Noticed Zeolishe's ghost (adept TeAE)
 64922 | Vaults:2 | Noticed Qecvurom's ghost (adept DrRe)
 65628 | Vaults:2 | Found a staircase to the Crypt.
 67023 | Vaults:4 | Reached XP level 21. HP: 166/178 MP: 21/44
 67842 | Vaults:4 | Reached skill level 15 in Evocations
 68396 | Depths:1 | Entered Level 1 of the Depths
 69244 | D:15     | Killed Roxanne
 69929 | Depths:1 | Found a gateway to Hell.
 70032 | Depths:1 | Found a runed translucent door.
 70037 | Depths:1 | Noticed Herac's ghost (veteran TeWr)
 70051 | Depths:1 | Paralysed by a floating eye for 3 turns
 70055 | Depths:1 | Killed Herac's ghost
 70183 | Depths:1 | Found a one-way gateway to a ziggurat.
 70300 | Depths:1 | Found a one-way gate leading to the halls of Pandemonium.
 70652 | Depths:2 | Reached skill level 13 in Translocations
 71581 | Depths:2 | Identified the +1 chain mail "Fulusu" {Drain rPois Int+3
                  | Dex+4}
 73503 | Depths:3 | Reached XP level 22. HP: 179/191 MP: 31/45
 73596 | Depths:3 | Reached skill level 14 in Translocations
 73990 | Depths:3 | Reached skill level 15 in Fighting
 74230 | Depths:3 | Identified the +9 quarterstaff of Namuoc {venom, rN+ Str+2
                  | Int-5 SInv}
 74277 | Depths:4 | Entered Level 4 of the Depths
 74539 | Depths:4 | Found Lirr's Magic Scroll Boutique.
 74544 | Depths:4 | Found Ulaipliane's Jewellery Boutique.
 74547 | Depths:4 | Bought a scroll of blinking for 135 gold pieces
 74547 | Depths:4 | Bought a scroll of butterflies for 72 gold pieces
 74547 | Depths:4 | Bought a scroll of acquirement for 936 gold pieces
 74555 | Depths:4 | Acquired a +2 double sword of electrocution
 74562 | Depths:4 | Bought a scroll of acquirement for 936 gold pieces
 74562 | Depths:4 | Acquired the +2 kite shield of Temperance {Int+3 Dex+2}
 75617 | Depths:4 | Got Asmodeus's Textbook on Sizzling Power
 76034 | Depths:4 | Reached skill level 15 in Long Blades
 76264 | Depths:4 | Found a gate to the Realm of Zot.
 76374 | Depths:4 | Noticed a caustic shrike
 76374 | Depths:4 | Noticed a caustic shrike
 76374 | Depths:4 | Noticed a caustic shrike
 77188 | Swamp:1  | Killed themarg's ghost
 77194 | Swamp:1  | Killed oldriver's ghost
 77461 | Snake:3  | Identified the +0 pair of gloves of Dramatic Exits {rPois
                  | Will- Dex+4 Stlth+}
 77571 | Snake:2  | Noticed Nikola
 77585 | Snake:2  | Killed Nikola
 77753 | Slime:1  | Entered Level 1 of the Pits of Slime
 77755 | Slime:1  | Gained mutation: Armour fits poorly on your strangely
                  | shaped body. [a shining eye]
 79617 | Slime:5  | Entered Level 5 of the Pits of Slime
 79632 | Slime:4  | Reached skill level 15 in Translocations
 80165 | Slime:5  | Noticed the Royal Jelly
 80187 | Slime:5  | Killed the Royal Jelly
 80215 | Slime:5  | Got the Book of Burning Necromantic Acts
 80217 | Slime:5  | Identified the +3 whip "Taudat Tao" {pain, rPois rF+ Str+2
                  | Stlth-}
 80273 | Slime:5  | Identified the +1 helmet of Claustrophobia {Will+}
 80287 | Slime:5  | Got a slimy rune of Zot
 80748 | Slime:1  | Lost mutation: Armour fits poorly on your strangely shaped
                  | body. [potion of mutation]
 80748 | Slime:1  | Gained mutation: Your flesh is cold resistant. (rC+)
                  | [potion of mutation]
 81217 | Zot:1    | Entered Level 1 of the Realm of Zot
 81252 | Zot:1    | Reached skill level 15 in Dodging
 82028 | Zot:1    | Found Piuzxuxao's CLEARANCE SALE!.
 82116 | Zot:1    | Reached XP level 23. HP: 199/199 MP: 27/46
 82119 | Zot:1    | Reached skill level 16 in Translocations
 82299 | Zot:1    | Found a transporter.
 82372 | Zot:1    | Found a transporter.
 83968 | Zot:2    | Identified the +1 chain mail "Olaekk" {Str+2}
 84696 | Zot:4    | Noticed a Killer Klown
 85303 | Zot:4    | Noticed a Killer Klown
 85313 | Zot:4    | Killed a Killer Klown
 85344 | Zot:4    | Noticed a Killer Klown
 85353 | Zot:4    | Killed a Killer Klown
 85528 | Zot:4    | Reached skill level 17 in Translocations
 86237 | Zot:4    | Killed a Killer Klown
 88032 | Zot:5    | Entered Level 5 of the Realm of Zot
 88311 | Zot:5    | Reached skill level 18 in Translocations
 89063 | Zot:5    | Acquired a book of the Warp
 89072 | Zot:5    | Learned a level 6 spell: Dispersal
 89205 | Zot:5    | Noticed a dread lich
 89215 | Zot:5    | Noticed an ancient lich
 89217 | Zot:5    | Killed a dread lich
 89235 | Zot:5    | Killed an ancient lich
 89236 | Zot:5    | Reached XP level 24. HP: 134/206 MP: 36/46
 89787 | Zot:3    | Reached skill level 19 in Translocations
 90787 | Vaults:5 | Entered Level 5 of the Vaults
 90809 | Vaults:5 | Reached skill level 20 in Translocations
 90862 | Vaults:5 | Got a silver rune of Zot
 91056 | Vaults:5 | Identified the ring of the Moon {Str+6 Dex+6}
 91210 | Vaults:5 | Noticed a dread lich
 91263 | Vaults:5 | Killed a dread lich
 91268 | Vaults:5 | Found the +0 mask of the Dragon {Will+ Slay+3 SInv}
 91413 | Vaults:5 | Identified the +2 robe of Rotation {Will+ Str+3}
 91442 | Vaults:5 | Identified the +9 shortbow of Acocaen {elec, Drain rCorr
                  | Int+2}
 92277 | Vaults:5 | Got the Dissertation on the Geodesic
 93267 | Zot:5    | Noticed an orb of fire
 93272 | Zot:5    | Noticed a Killer Klown
 93283 | Zot:5    | Gained mutation: You occasionally shout uncontrollably at
                  | your foes. [an orb of fire]
 93286 | Zot:5    | Killed an orb of fire
 93288 | Zot:5    | Killed a Killer Klown
 93294 | Zot:5    | Noticed a Killer Klown
 93318 | Zot:5    | Killed a Killer Klown
 93485 | Zot:5    | Reached XP level 25. HP: 216/216 MP: 28/46
 93547 | Zot:5    | Noticed an orb of fire
 93559 | Zot:5    | Gained mutation: You are weak. (Str -2) [an orb of fire]
 93560 | Zot:5    | Killed an orb of fire
 93756 | Zot:5    | Noticed an orb of fire
 93758 | Zot:5    | Gained mutation: Armour fits poorly on your strangely
                  | shaped body. [an orb of fire]
 93765 | Zot:5    | Killed an orb of fire
 93794 | Zot:5    | Reached skill level 10 in Armour
 94001 | Zot:5    | Got the Orb of Zot
 94217 | Depths:3 | Acquired the +2 cloak "Ibyriska" {rPois Regen+ Str+3}
 94492 | D:11     | Noticed Puariegh the pandemonium lord
 94752 | D:$      | Escaped with the Orb!

Illustrated notes

Levels and vault maps discovered:
D:1:      wander_arrival_abandoned_jail, layout_rooms, serial_shops, shop,
          minmay_tripent
D:2:      layout_loops_ring, serial_rivers, chequers_serial_rivers_small_a,
          chequers_serial_rivers_room_b, chequers_serial_rivers_room_b,
          chequers_serial_rivers_micro_c, hangedman_feature_mirror, uniq_natasha
D:3:      layout_basic, grunt_decor_cap, uniq_robin
D:4:      minmay_skewed_foursquare, layout_layer_cave,
          minmay_temple_entry_ruins, serial_shops, kennysheep_little_box
D:5:      layout_rooms, lemuel_zombie_altar_kikubaaqudgha,
          minmay_quadrilaterals, uniq_edmund, uniq_blork_the_orc
D:6:      layout_layer_cave, mainiacjoe_overflow_six_doors_small
D:7:      layout_cave_pools, serial_column_ruins, column_ruins_square_medium,
          column_ruins_open_tiny, column_ruins_open_medium,
          column_ruins_open_tiny, column_ruins_columns_corner, uniq_duvessa
D:8:      layout_basic, uniq_grum
D:9:      layout_irregular_city, serial_shops, kennysheep_mini_moat,
          minmay_checkerbox, uniq_joseph
D:10:     layout_loops_corners, grunt_temple_overflow_open, dpeg_lair_monsters,
          enter_bailey_3, minmay_three_doors, uniq_maurice
D:11:     layout_irregular_city, hiddenorc2_lemuel, uniq_nergalle, uniq_amaemon
D:12:     layout_cave_pools, nicolae_trove_entry_free_sample, uniq_jorgrun,
          uniq_erolcha, uniq_fannar, uniq_rupert
D:13:     layout_loops_ring
D:14:     layout_cave_pools, erik_vaults_1, hangedman_cracks_in_the_wall
D:15:     grunt_enter_depths_hoard, layout_basic, lemuel_tele_altar,
          minmay_sticks_and_stones, uniq_roxanne
Lair:1:   layout_gridlike
Lair:2:   layout_roguey, minmay_swamp_entry_wisps,
          minmay_snake_entry_guardpost_small
Lair:3:   layout_chaotic_city, kennysheep_snail_temple, uniq_josephine
Lair:4:   layout_regular_city, hangedman_tree_tricks, lemuel_fruit_fields,
          uniq_snorg
Lair:5:   hellmonk_lair_end_abyssal_woods, layout_hall_layers,
          minmay_slime_entry_pillars
Swamp:1:  layout_basic_swamp, gammafunk_ghost_cemetery,
          evilmike_swamp_ruin_house_5, uniq_louise
Swamp:2:  layout_basic_swamp, serial_swamp_ruin, evilmike_swamp_ruin_house_1,
          evilmike_swamp_ruin_rubble_1, evilmike_swamp_ruin_wall, swamp_pool5,
          uniq_frances
Swamp:3:  layout_falls_marsh, hangedman_swamp_ruin_wall
Swamp:4:  swamp_icy, layout_basic_swamp, swamp_pool2, uniq_mlioglotl
Snake:1:  layout_misc_corridors, hangedman_snake_corridor_cut,
          minmay_shop_grove, nicolae_triple_integral
Snake:2:  layout_honeycomb, portal_ice_cave_entry_pillars_1, grunt_megastairs_2,
          uniq_nikola
Snake:3:  gammafunk_sealed_arena, layout_layer_cave
Snake:4:  grunt_snake_rune_pools, layout_basic, basic_altar,
          serial_bayou_shore_b, serial_bayou_shore_a
Slime:1:  layout_caves, cheibrodos_slime_lost_civilization_6
Slime:2:  layout_caves
Slime:3:  layout_caves
Slime:4:  layout_caves, cheibrodos_slime_lost_civilization_4
Slime:5
Orc:1:    layout_caves, serial_shops, nicolae_shop_crystal,
          nicolae_shop_waterfront, mines2_david
Orc:2:    grunt_orc_tribal_feast, layout_diamond_mine, hangedman_feature_mirror
Elf:1:    layout_geoelf_octagon, serial_shops, nicolae_shop_hallway_plus,
          minmay_elf_crystal_hexagon, st_stairs_8
Elf:2:    nicolae_elf_blades_crystal_corner, layout_loops_corners, serial_shops,
          shop_statue, minivault_4, guppyfry_elf_castle
Elf:3:    grunt_elf_hall_branching, layout_geoelf_octagon, uniq_zenata,
          uniq_saint_roka
Vaults:1: v_misc_13, grunt_vaults_funnel, ontoclasm_vaults_eye,
          vaults_room_grid, grunt_vaults_hallway_long,
          nicolae_vaults_network_quinsquares
          [nicolae_vaults_network_quincunx_subvault,
          nicolae_vaults_network_quincunx_subvault,
          nicolae_vaults_network_quincunx_subvault,
          nicolae_vaults_network_quincunx_subvault],
          nicolae_vaults_network_quincunx
          [nicolae_vaults_network_quincunx_subvault,
          nicolae_vaults_network_quincunx_subvault,
          nicolae_vaults_network_quincunx_subvault,
          nicolae_vaults_network_quincunx_subvault,
          nicolae_vaults_network_quincunx_subvault], grunt_tower_of_power,
          vaults_standard_mumra_lines, ontoclasm_vaults_twist,
          layout_vaults_omnicross, serial_shops, shop
Vaults:2: gammafunk_ghost_cemetery, v_misc_1, minmay_crypt_entry_simple_statues,
          hangedman_vaults_capsules, v_alt_pattern_2, grunt_vaults_hallway_long,
          v_misc_28, ontoclasm_vaults_hangar, ontoclasm_vaults_chip,
          nicolae_vaults_three_branches, ontoclasm_vaults_decontamination,
          layout_vaults_quadrants, serial_shops, bzr_entry_water, uniq_jory
Vaults:3: infiniplex_enter_wizlab_water, grunt_vaults_diagonal,
          ontoclasm_vaults_ring_square, ontoclasm_vaults_loading_screen,
          dpeg_vaults_hating_casters, ontoclasm_vaults_pinch,
          nicolae_vaults_angled_halls, grunt_vaults_focal, v_pattern_3,
          hangedman_vaults_trim, hangedman_vaults_maws, v_misc_13,
          layout_vaults_omnibox
Vaults:4: portal_desolation_entry_twin_temple, dpeg_vaults_monster_row,
          v_misc_23, vaults_mumra_lcd, hangedman_vaults_river_flow,
          nicolae_vaults_murderbox, hangedman_vaults_nodes,
          hangedman_vaults_trim, nicolae_vaults_ring_of_whatevers,
          ontoclasm_vaults_ring_large, ontoclasm_vaults_hangar,
          hangedman_vaults_restitches, vaults_dpeg_hooks,
          layout_vaults_maze_bifur, serial_shops, nicolae_shop_advertising_works
          [nicolae_subvault_shop_adworks]
Vaults:5
Depths:1: layout_cave_shapes, enter_ziggurat_e, hellmonk_ghost_happy_afterlife,
          minmay_misc_feat_secret_circle, grunt_mini_vestibule,
          rand_demon_pan_entry_5, nicolae_sif_muna_condensation
Depths:2: ragdoll_tomb_raider, layout_honeycomb, ashenzari_conservatory_becter,
          hell_entry, grunt_pan_entry_zigzag, kennysheep_random_hallway
Depths:3: kennysheep_demon_jail, layout_twisted_cross, hell_entry,
          dk_noncrumbling_3, abyss_entry, kennysheep_generic_room_13
Depths:4: evilmike_zot_entry_gauntlet, layout_long_grid, hell_entry,
          minmay_shop_star, infiniplex_staircase_pool_lava
Zot:1:    gammafunk_dig_for_victory, layout_cathedral_of_symmetry,
          nicolae_shop_clearance
Zot:2:    kennysheep_ambush_hall, layout_onion_interference, uniq_grunn
Zot:3:    layout_misc_corridors, grunt_megastairs_3
Zot:4:    dreamdust_zin_vs_xom, layout_onion_interference
Zot:5:    layout_onion, grunt_ministairs_7

Skill      XL: |  1  2  3  4  5  6  7  8  9 10 11 12 13 14 15 16 17 18 19 20 21 22 23 24 25 |
---------------+----------------------------------------------------------------------------+-----
Long Blades    | 2 3 4 5 6 8 11 13 14 16 | 16.0
Stealth        | 1 2 4 5 6 7 |  7.0
Translocations | 3 4 7 9 10 11 12 13 15 18 20 | 20.3
Dodging        | 3 4 7 9 10 13 14 15 17 18 19 | 19.0
Fighting       | 3 5 7 10 11 12 13 14 15 16 | 16.4
Spellcasting   | 3 5 6 7 12 13 | 13.3
Air Magic      | 3 4 5 |  5.0
Evocations     | 3 5 7 8 14 15 16 | 16.4
Armour         | 2 5 7 9 10 | 10.2
Shields        | 3 5 7 10 14 15 | 15.0
Transmutations | 3 8 10 11 | 11.0
Conjurations   | 6 7 |  7.0
Earth Magic    | 1 3 |  3.0
Throwing       | |  0.8

Action                     |  1- 3 |  4- 6 |  7- 9 | 10-12 | 13-15 | 16-18 | 19-21 | 22-24 | 25-27 || total
---------------------------+-------+-------+-------+-------+-------+-------+-------+-------+-------++-------
  Melee: Falchion          |    87 |   183 |    49 |       |       |       |       |       |       ||   319
         Punch             |     2 |     2 |     3 |     9 |     6 |       |       |       |       ||    22
         Dagger            |       |     1 |    11 |     9 |    22 |    77 |    14 |       |       ||   134
         Scimitar          |       |       |   165 |   504 |  1355 |  2119 |  2065 |   137 |       ||  6345
         Long sword        |       |       |       |       |   336 |       |       |       |       ||   336
         Double sword      |       |       |       |       |       |       |       |  2034 |       ||  2034
         Demon blade       |       |       |       |       |       |       |       |   270 |   194 ||   464
   Fire: Sling             |       |    18 |     5 |       |       |       |       |       |       ||    23
         Shortbow          |       |       |    76 |       |       |       |       |       |       ||    76
         Arbalest          |       |       |    30 |   167 |    13 |       |       |       |       ||   210
  Throw: Dart              |       |    18 |    25 |    34 |    10 |       |       |       |       ||    87
         Boomerang         |       |       |       |     3 |       |       |       |       |       ||     3
         Throwing net      |       |       |       |     1 |       |       |       |     1 |       ||     2
   Cast: Blink             |       |       |       |     1 |       |       |       |       |       ||     1
         Manifold Assault  |       |       |       |     4 |   647 |   826 |   711 |  1035 |    45 ||  3268
         Vhi's Electric Ch |       |       |       |       |       |     3 |     2 |     2 |       ||     7
         Wereblood         |       |       |       |       |       |       |    19 |    14 |       ||    33
         Irradiate         |       |       |       |       |       |       |     1 |     6 |       ||     7
  Evoke: Wand              |       |       |       |    15 |     6 |     9 |     1 |     3 |     1 ||    35
         Tin of tremorston |       |       |       |       |     1 |     5 |     3 |     1 |       ||    10
         Phial of floods   |       |       |       |       |       |     3 |       |     1 |       ||     4
         Lightning rod     |       |       |       |       |       |     4 |       |       |       ||     4
         Condenser vane    |       |       |       |       |       |       |     5 |     4 |       ||     9
         Box of beasts     |       |       |       |       |       |       |     4 |     2 |     2 ||     8
         Phantom mirror    |       |       |       |       |       |       |     1 |     1 |       ||     2
    Use: Potion            |     1 |     1 |     1 |     1 |     6 |     3 |     3 |    14 |     2 ||    32
         Scroll            |       |     3 |    13 |    10 |     5 |     5 |     2 |    19 |     5 ||    62
   Stab: Sleeping          |       |     6 |     1 |     7 |     4 |     1 |    23 |       |       ||    42
         Distracted        |       |       |     1 |     1 |    18 |    34 |    23 |       |     3 ||    80
         Paralysed         |       |       |       |     2 |     2 |       |       |       |       ||     4
         Betrayed ally     |       |       |       |       |     1 |     1 |     1 |       |       ||     3
 Armour: Leather armour    |    21 |    68 |    59 |    81 |   134 |   156 |   145 |   109 |     8 ||   781
         Plate armour      |       |    26 |       |       |       |       |       |       |       ||    26
         Skin              |       |       |       |       |    11 |       |       |       |       ||    11
  Dodge: Dodged            |    63 |   104 |   200 |   457 |   646 |   665 |   551 |   650 |    48 ||  3384
  Block: Buckler           |       |       |       |       |   114 |       |       |       |       ||   114
         Kite shield       |       |       |       |       |   159 |   658 |   648 |   617 |    71 ||  2153
         Reflection        |       |       |       |       |    27 |    83 |    35 |       |       ||   145

Table legend: (Time is in decaauts)
 A = Elapsed time spent in this place.
 B = Non-inter-level travel time spent in this place.
 C = Inter-level travel time spent in this place.
 D = Time resting spent in this place.
 E = Time spent auto-exploring this place.
 F = Levels seen in this place.
 G = Mean time per level.
                   A        B        C        D        E       F      G
               +--------+--------+--------+--------+--------+-----+--------+
         Total |  94101 |  84454 |   9647 |  29086 |  37693 |  57 | 1650.9 |
       Dungeon |  26551 |  23015 |   3536 |   7955 |  10552 |  15 | 1770.1 |
          Lair |   8182 |   6923 |   1259 |   1344 |   3989 |   5 | 1636.4 |
         Swamp |   5499 |   5198 |    301 |   1959 |   2194 |   4 | 1374.8 |
     Snake Pit |   9084 |   8454 |    630 |   2378 |   4244 |   4 | 2271.0 |
    Slime Pits |   3046 |   2894 |    152 |   1096 |   1271 |   5 |  609.2 |
  Orcish Mines |   2605 |   2104 |    501 |    702 |    886 |   2 | 1302.5 |
   Elven Halls |   7306 |   6997 |    309 |   3314 |   2369 |   3 | 2435.3 |
        Vaults |  10178 |   8694 |   1484 |   1586 |   5230 |   5 | 2035.6 |
        Depths |   7035 |   5990 |   1045 |   2314 |   2696 |   4 | 1758.8 |
           Zot |   9716 |   9290 |    426 |   4370 |   3268 |   5 | 1943.2 |
         Abyss |    745 |    745 |      0 |    375 |     47 |   1 |  745.0 |
        Bailey |    339 |    339 |      0 |    118 |     81 |   1 |  339.0 |
      Ice Cave |   1350 |   1350 |      0 |    852 |    149 |   1 | 1350.0 |
        Wizlab |    775 |    775 |      0 |    165 |    231 |   1 |  775.0 |
    Desolation |   1686 |   1686 |      0 |    553 |    484 |   1 | 1686.0 |
               +--------+--------+--------+--------+--------+-----+--------+

Top non-repeatable levels by time:
 Snake:4: 3931 daAuts
    D:11: 3767 daAuts
   Zot:4: 3573 daAuts
   Elf:3: 3151 daAuts
Vaults:1: 2881 daAuts
    D:10: 2728 daAuts
Depths:2: 2639 daAuts
    D:15: 2585 daAuts
   Elf:2: 2467 daAuts
 Snake:3: 2194 daAuts
  Lair:5: 2182 daAuts
  Lair:2: 2167 daAuts
Vaults:4: 2129 daAuts
     D:5: 2114 daAuts
     D:3: 2062 daAuts
